 Dungeon Crawl Stone Soup version 0.29-a0-519-g90894fa (webtiles) character file.

Game seed: 1656884447176739898

3159 Toastz the Carver (level 9, 0/72 HPs)
             Began as a Demonspawn Gladiator on May 30, 2022.
             Was a Believer of Nemelex Xobeh.
             Slain by Joseph
             ... wielding a +0 quarterstaff
              (8 damage)
             ... on level 8 of the Dungeon.
             The game lasted 00:16:10 (9044 turns).

Toastz the Carver (Demonspawn Gladiator)            Turns: 9044, Time: 00:16:11

Health: 0/72       AC: 14    Str: 20    XL:     9   Next: 62%
Magic:  13/13      EV: 12    Int: 11    God:    Nemelex Xobeh [**....]
Gold:   427        SH:  0    Dex: 18    Spells: 8/8 levels left

rFire   + . .      SeeInvis .   b - +8 hunting sling "Teluos" {speed, rF+}
rCold   + . .      Faith    .   (no shield)
rNeg    . . .      Spirit   .   B - +3 ring mail
rPois   +          Reflect  .   c - +0 helmet
rElec   .          Harm     .   (no cloak)
rCorr   .          Rampage  .   F - +0 pair of gloves
Will    .....                   M - +0 pair of boots
Stlth   +.........              (no amulet)
HPRegen 0.22/turn               t - ring of Recklessness {rPois Str+6}
MPRegen 0.13/turn               s - ring of protection from cold

@: about to teleport
A: hooves 2, icy blue scales 1, powered by death 1
a: Renounce Religion, Draw Escape, Draw Destruction, Draw Summoning


You were on level 8 of the Dungeon.
You worshipped Nemelex Xobeh.
Nemelex Xobeh was pleased with you.
You visited 1 branch of the dungeon, and saw 8 of its levels.

You collected 427 gold pieces.

Inventory:

Hand Weapons
 a - a +0 long sword
 b - the +8 hunting sling "Teluos" (weapon) {speed, rF+}
   (You found it on level 7 of the Dungeon)

   Attacks with this weapon are significantly faster.
   rF:        It protects you from fire.
Missiles
 d - a throwing net
 e - a javelin
 g - 89 stones
 p - 4 poisoned darts
 y - 3 silver javelins
Armour
 c - a +0 helmet (worn)
 B - a +3 ring mail (worn)
 F - a +0 pair of gloves (worn)
 M - a +0 pair of boots (worn)
 P - a +2 scale mail of cold resistance
 S - the +1 leather armour of the Poles {Int+6 Dex+3}
   (You found it on level 4 of the Dungeon)

   Int:       It affects your intelligence (+6).
   Dex:       It affects your dexterity (+3).
Magical Staves
 z - a staff of air
Jewellery
 s - a ring of protection from cold (right hand)
 t - the ring of Recklessness (left hand) {rPois Str+6}
   (You found it on level 3 of the Dungeon)

   [ring of strength]

   Str:       It affects your strength (+6).
   rPois:     It protects you from poison.
 J - a ring of wizardry
Wands
 C - a wand of mindburst (15)
 L - a wand of paralysis (12)
 R - a wand of iceblast (13)
Scrolls
 f - 3 scrolls of teleportation
 i - a scroll of silence {unknown}
 j - a scroll of enchant armour {unknown}
 l - 3 scrolls of enchant weapon
 m - 4 scrolls of amnesia
 o - 2 scrolls of fear {unknown}
 q - a scroll of torment {unknown}
 r - 2 scrolls of vulnerability {unknown}
 u - a scroll of brand weapon {unknown}
 x - 2 scrolls of fog {unknown}
 D - 2 scrolls of noise {unknown}
 G - 3 scrolls of poison {unknown}
 H - a scroll of blinking {unknown}
 K - 3 scrolls of identify
Potions
 h - a potion of might
 k - 3 potions of degeneration {unknown}
 n - a potion of brilliance
 v - 4 potions of flight {unknown}
 w - a potion of attraction {unknown}
 A - a potion of invisibility {unknown}
 E - a potion of curing {unknown}
 I - 2 potions of mutation {unknown}
 O - a potion of haste {unknown}
 Q - a potion of ambrosia {unknown}


   Skills:
 + Level 7.1 Fighting
 * Level 9.4 Long Blades
 - Level 1.7 Throwing
 + Level 3.7 Armour
 - Level 2.6 Dodging
 - Level 6.0 Invocations


You had 8 spell levels left.
You didn't know any spells.
Your spell library contained the following spells:

 Spells                   Type           Power      Damage    Failure   Level
 Magic Dart               Conj           0%         1d3       50%         1
 Searing Ray              Conj           0%         2d4       65%         2
 Ignite Poison            Fire/Tmut/Pois 0%         N/A       86%         3
 Mephitic Cloud           Conj/Pois/Air  0%         N/A       86%         3
 Fulminant Prism          Conj/Hex       0%         3d6       99%         4
 Freezing Cloud           Conj/Ice/Air   0%         6-21      100%        5


Dungeon Overview and Level Annotations

Branches:
Dungeon (8/15)             Temple (0/1) D:5
   Lair: D:8-11

Altars:
Ashenzari
Dithmenos
Elyvilon
Fedhas
Nemelex Xobeh
Qazlal

Annotations:
D:8 Joseph


Innate Abilities, Weirdness & Mutations

You have hoof-like feet.
You are partially covered in icy blue scales. (AC +2)
You regenerate a little health from kills.


Message History

Joseph hits you with a +0 quarterstaff!
A two-headed ogre comes into view. It is wielding two +0 giant clubs.
The yak barely misses you.
You draw a card...
You have drawn Exile.
The yak is devoured by a tear in reality. x2
The deck of cards disappears without a trace.
Joseph hits you with a +0 quarterstaff!
Your Fighting skill increases to level 7!
Fire: b) +8 hunting sling "Teluos" {speed, rF+}
Press: ? - help, Q - select action, (/) - cycle Shift-Dir - straight line, f/p - Joseph
Aim: Joseph, wielding a +0 quarterstaff and wearing a +0 leather armour (lightly wounded, 70% to hit)
Okay, then.
As you read the scroll labelled JIELAME YFAI, it crumbles to dust.
You feel strangely unstable.
It was a scroll of teleportation.
The two-headed ogre completely misses you.
The two-headed ogre hits you with a +0 giant club!
* * * LOW HITPOINT WARNING * * *
Joseph hits you but does no damage.
A yak comes into view.
The yak bellows!
Okay, then.
You feel much better. Joseph hits you with a +0 quarterstaff!
The two-headed ogre barely misses you.
The two-headed ogre hits you with a +0 giant club.
* * * LOW HITPOINT WARNING * * *
Fire: b) +8 hunting sling "Teluos" {speed, rF+}
Press: ? - help, Q - select action, (/) - cycle Shift-Dir - straight line, f/p - Joseph
Aim: Joseph, wielding a +0 quarterstaff and wearing a +0 leather armour (lightly wounded, 70% to hit)
You shoot a sling bullet. The sling bullet hits Joseph.
Joseph is lightly wounded.
Joseph hits you with a +0 quarterstaff!
* * * LOW HITPOINT WARNING * * *
Fire: b) +8 hunting sling "Teluos" {speed, rF+}
Press: ? - help, Q - select action, (/) - cycle Shift-Dir - straight line, f/p - Joseph
Aim: Joseph, wielding a +0 quarterstaff and wearing a +0 leather armour (lightly wounded, 70% to hit)
You shoot a sling bullet. The sling bullet hits Joseph.
Joseph is moderately wounded.
Joseph hits you with a +0 quarterstaff!
You die...
Your body disappears without a glow.

≈≈≈≈≈≈≈≈..#
≈≈≈≈≈≈≈...#
..≈≈≈...#.#
#......##.#
#####..##.#######
#.###.......#
#.........#.#
##.#####..#@####
#.# #....#.@OY#
......#######.#
##.###. #....#
#.# # #Y#### #..
# ###


You could see Joseph, a two-headed ogre and a yak.

Vanquished Creatures
  Pikel (D:5)
  2 yaks (D:8)
  Eustachio (D:5)
  An ogre (D:4)
  A centaur (D:6)
  A lemure (D:5)
  2 phantoms
  3 bullfrogs
  2 necrophages (D:7)
  4 scorpions
  7 killer bees
  A howler monkey (D:4)
  4 jellies
  2 gnoll shamans
  An orc priest (D:5)
  2 hounds
  4 iguanas
  Terence (D:3)
  2 orc wizards (D:4)
  A mummy (D:4)
  5 adders
  11 gnolls
  A shadow imp (D:5)
  A white imp (D:7)
  3 ufetubi
  3 worms
  2 dart slugs
  12 orcs
  5 ball pythons
  4 endoplasms
  4 giant cockroaches
  6 goblins
  5 hobgoblins
  3 jackals
  9 kobolds
  4 quokkas
  4 bats
  4 frilled lizards
  2 hobgoblin zombies (D:4)
  A kobold zombie (D:4)
  An orc zombie (D:4)
  5 rats
138 creatures vanquished.

Vanquished Creatures (collateral kills)
  An orc wizard (D:6)
  An adder (D:6)
  An orc (D:6)
3 creatures vanquished.

Vanquished Creatures (others)
  A killer bee (D:6)
1 creature vanquished.

Grand Total: 142 creatures vanquished

Notes
Turn   | Place    | Note
-------+----------+-------------------------------------------
     0 | D:1      | Toastz the Demonspawn Gladiator began the quest for the
                  | Orb.
     0 | D:1      | Reached XP level 1. HP: 16/16 MP: 1/1
   128 | D:1      | Reached skill level 3 in Long Blades
   134 | D:1      | Gained mutation: You have large cloven feet. [demonic
                  | ancestry]
   134 | D:1      | Reached XP level 2. HP: 12/22 MP: 2/2
   506 | D:1      | Found a faded altar of an unknown god.
  1160 | D:2      | Reached XP level 3. HP: 28/28 MP: 3/3
  1969 | D:3      | Identified the ring of Recklessness {rPois Str+6}
  2794 | D:3      | Found a sparkling altar of Nemelex Xobeh.
  2797 | D:3      | Noticed Terence
  2803 | D:3      | Killed Terence
  2804 | D:3      | Reached skill level 4 in Long Blades
  2804 | D:3      | Reached XP level 4. HP: 35/35 MP: 4/4
  2807 | D:3      | Became a worshipper of Nemelex Xobeh the Trickster
  2889 | D:3      | Found a stormy altar of Qazlal.
  3592 | D:4      | Reached XP level 5. HP: 37/41 MP: 5/5
  4031 | D:3      | Reached skill level 1 in Armour
  4193 | D:4      | Noticed an ogre
  4219 | D:4      | Killed an ogre
  4220 | D:4      | Reached skill level 5 in Long Blades
  4220 | D:4      | Gained mutation: You have hoof-like feet. [demonic
                  | ancestry]
  4220 | D:4      | Reached XP level 6. HP: 45/48 MP: 6/6
  4548 | D:4      | Identified the +1 leather armour of the Poles {Int+6 Dex+3}
  5199 | D:5      | Entered Level 5 of the Dungeon
  5205 | D:5      | Noticed Eustachio
  5228 | D:4      | Gained mutation: You regenerate a little health from kills.
                  | [demonic ancestry]
  5228 | D:4      | Reached XP level 7. HP: 34/54 MP: 7/7
  5600 | D:5      | Reached * piety under Nemelex Xobeh
  5618 | D:5      | Killed Eustachio
  5619 | D:5      | Reached skill level 6 in Long Blades
  5624 | D:5      | Found a staircase to the Ecumenical Temple.
  5686 | D:5      | Received a gift from Nemelex Xobeh
  5815 | D:5      | Reached skill level 1 in Invocations
  5977 | D:5      | Found a shadowy altar of Dithmenos.
  6055 | D:5      | Noticed Pikel
  6066 | D:5      | HP: 2/55 [lemure[Pikel] (3)]
  6081 | D:5      | Killed Pikel
  6082 | D:5      | Reached skill level 5 in Fighting
  6082 | D:5      | Reached skill level 7 in Long Blades
  6082 | D:5      | Gained mutation: You are partially covered in icy blue
                  | scales. (AC +2) [demonic ancestry]
  6082 | D:5      | Reached XP level 8. HP: 20/63 MP: 8/10
  7445 | D:6      | Found a broken altar of Ashenzari.
  7466 | D:6      | Reached skill level 8 in Long Blades
  7775 | D:6      | Reached skill level 5 in Invocations
  8061 | D:6      | Reached XP level 9. HP: 69/69 MP: 12/12
  8318 | D:7      | Reached ** piety under Nemelex Xobeh
  8856 | D:7      | Identified the +8 hunting sling "Teluos" {speed, rF+}
  8990 | D:8      | Found a blossoming altar of Fedhas.
  9031 | D:8      | Reached skill level 9 in Long Blades
  9032 | D:8      | Noticed Joseph
  9039 | D:8      | Noticed a two-headed ogre
  9044 | D:8      | Slain by Joseph

Illustrated notes

Levels and vault maps discovered:
D:1:      amcnicky_arrival_underground_garden, layout_basic,
          shapermc_ecumenical_altar_pompeii, st_stairs_10,
          minmay_misc_feat_alley
D:2:      layout_basic, amethyst_killhole
D:3:      layout_basic, mainiacjoe_overflow_surrounded_room,
          nemelex_xobeh_ov_fountains_minmay, kennysheep_generic_room_3,
          uniq_terence
D:4:      layout_rooms, minmay_mini_ossuary
D:5:      layout_cave_pods, grunt_dithmenos_shadows, elyvilon_altar_5,
          temple_green, cheibrodos_sewer_entry_drain, grunt_ministairs_13,
          amcnicky_mini_pool_small, uniq_pikel, uniq_eustachio
D:6:      cheibrodos_helix_gallery, layout_basic, mainiacjoe_overflow_alcove_2,
          serial_glass, glass_columns_a, glass_columns_b, minmay_strange_pillars
D:7:      layout_basic
D:8:      layout_loops_cross, fedhas_ov_isle_minmay,
          gammafunk_temple_overflow_statue, mainiacjoe_overflow_alcove_1,
          uniq_joseph

Skill      XL: |  1  2  3  4  5  6  7  8  9 |
---------------+----------------------------+-----
Long Blades    | 3 4 5 7 8 9 |  9.4
Fighting       | 3 4 5 6 7 |  7.1
Armour         | 1 2 3 |  3.7
Invocations    | 3 5 6 |  6.0
Throwing       | |  1.7
Dodging        | |  2.6

Action                   |  1- 3 |  4- 6 |  7- 9 || total
-------------------------+-------+-------+-------++-------
Melee: Long sword        |    93 |   155 |   256 ||   504
       Kick              |    14 |    43 |    44 ||   101
       Punch             |     1 |     1 |     2 ||     4
 Fire: Hunting sling     |       |       |    26 ||    26
Throw: Javelin           |     2 |       |    17 ||    19
       Dart              |    10 |       |       ||    10
       Throwing net      |     1 |       |     3 ||     4
       Stone             |       |     3 |     6 ||     9
Invok: Draw Destruction  |       |       |     3 ||     3
       Draw Summoning    |       |       |     1 ||     1
       Draw Escape       |       |       |     1 ||     1
  Use: Scroll            |       |     4 |     1 ||     5
       Potion            |       |     1 |     4 ||     5
 Stab: Sleeping          |     1 |       |       ||     1
Armor: Leather armour    |    27 |       |       ||    27
       Ring mail         |       |    79 |   187 ||   266
Dodge: Dodged            |    57 |   119 |   264 ||   440

Table legend: (Time is in decaauts)
 A = Elapsed time spent in this place.
 B = Non-inter-level travel time spent in this place.
 C = Inter-level travel time spent in this place.
 D = Time resting spent in this place.
 E = Time spent auto-exploring this place.
 F = Levels seen in this place.
 G = Mean time per level.
                   A        B        C        D        E       F      G
               +--------+--------+--------+--------+--------+-----+--------+
         Total |   9111 |   8691 |    420 |   2138 |   4939 |   8 | 1138.9 |
       Dungeon |   9111 |   8691 |    420 |   2138 |   4939 |   8 | 1138.9 |
               +--------+--------+--------+--------+--------+-----+--------+

Top non-repeatable levels by time:
     D:3: 1929 daAuts
     D:4: 1506 daAuts
     D:6: 1498 daAuts
     D:5: 1356 daAuts
     D:2: 1069 daAuts
     D:1: 905 daAuts
     D:7: 780 daAuts
     D:8: 65 daAuts
